 Dungeon Crawl Stone Soup version 0.25-a0-362-g90ccd6aac3 (webtiles) character file.

Game seed: 1919666756657998036, levelgen mode: deterministic

1179 Conn the Sneak (level 8, -5/51 (54) HPs)
             Began as an Octopode Earth Elementalist on Jan 4, 2020.
             Was a Follower of Sif Muna.
             Shot with an arrow by a centaur (21 damage)
             ... on level 5 of the Dungeon.
             The game lasted 00:16:11 (4872 turns).

Conn the Sneak (Octopode Earth Elementalist)        Turns: 4872, Time: 00:16:12

HP:   -5/51 (54)    AC:  1    Str:  9    XL:     8   Next: 42%
MP:   14/14         EV: 14    Int: 17    God:    Sif Muna [*.....]
Gold: 155           SH:  0    Dex: 13    Spells: 0/15 levels left

rFire    . . .     SeeInvis .   y - +9 dagger "Gidwu" {elec, MR++}
rCold    . . .     Gourm    .   (no shield)
rNeg     . . .     Faith    .   (helmet restricted)
rPois    .         Spirit   .   n - amulet of harm
rElec    .         Reflect  .   g - ring of resist corrosion
rCorr    +         Harm     +   (no ring)
MR       ++...                  (no ring)
Stlth    ++++......             (no ring)
HPRegen  0.17/turn              (no ring)
MPRegen  0.14/turn              (no ring)
                                (no ring)
                                (no ring)

@: no status effects
A: almost no armour, stealthy swim, amphibious, 8 rings, constrict 8, camouflage
1, gelatinous body 1
a: Channel Magic, Renounce Religion


You were on level 5 of the Dungeon.
You worshipped Sif Muna.
Sif Muna was aware of your devotion.
You were not hungry.

You visited 2 branches of the dungeon, and saw 6 of its levels.

You collected 155 gold pieces.

Inventory:

Hand Weapons
 y - the +9 dagger "Gidwu" (weapon) {elec, MR++}
   (You found it on level 4 of the Dungeon)

   Occasionally, upon striking a foe, it will discharge some electrical energy
   and cause terrible harm.
   It affects your resistance to hostile enchantments.
Missiles
 b - 78 stones (quivered)
 e - 13 poisoned darts
 v - 2 throwing nets
Jewellery
 g - a ring of resist corrosion (left tentacle)
 n - an amulet of harm (around mantle)
Wands
 s - a wand of iceblast (9)
 w - a wand of clouds (4)
Scrolls
 h - 3 scrolls of enchant armour {unknown}
 j - 2 scrolls of amnesia {unknown}
 k - 3 scrolls of remove curse {unknown}
 l - 9 scrolls of identify {unknown}
 m - a scroll of fear {unknown}
 r - a scroll of immolation {unknown}
 x - a scroll of enchant weapon {unknown}
Potions
 f - a potion of mutation {unknown}
 i - a potion of might {unknown}
 p - a potion of curing
 q - a potion of ambrosia {unknown}
 t - 2 potions of heal wounds {unknown}
 u - a potion of resistance {unknown}
Comestibles
 c - 8 rations


   Skills:
 * Level 4.5 Fighting
 + Level 4.1 Short Blades
 + Level 2.6 Dodging
 + Level 6.6 Stealth
 + Level 4.4 Spellcasting
 + Level 1.1 Transmutations
 + Level 4.4 Earth Magic
 + Level 0.1 Evocations


You couldn't memorise any spells.
You knew the following spells:

 Your Spells              Type           Power        Failure   Level  Hunger
a - Sandblast             Erth           ###...       2%          1    None
b - Passwall              Tmut/Erth      ##......     8%          2    ##.....
c - Stone Arrow           Conj/Erth      ##....       19%         3    ###....
d - Petrify               Tmut/Erth      ##......     43%         4    ####...
e - Lee's Rapid Deconstr  Erth           ###.......   56%         5    ######.

Your spell library contained the following spells:

 Spells                   Type           Power        Failure   Level  Hunger


Dungeon Overview and Level Annotations

Branches:
Dungeon (5/15)             Temple (1/1) D:4

Altars:
Ashenzari
Gozag
Hepliaklqana
Kikubaaqudgha
Nemelex Xobeh
Okawaru
Qazlal
Sif Muna
Trog
Uskayaw
Vehumet
Wu Jian
Xom
Yredelemnul


Innate Abilities, Weirdness & Mutations

You cannot wear most types of armour.
You are very stealthy in the water. (Stealth+)
You are amphibious.
You can wear up to eight rings at the same time.
You can use your tentacles to constrict eight enemies at once.
Your skin changes colour to match your surroundings (Stealth+).
Your rubbery body absorbs attacks. (AC +1, EV +1)


Message History

Lightning courses through the water moccasin skeleton!
You destroy the water moccasin skeleton!
Sif Muna accepts your kill.
You hear a shout!
The centaur picks up a scroll labeled OKEAFR CUEGGIE.
The orc closely misses you.
You puncture the orc! Lightning courses through the orc!!
You kill the orc!
Sif Muna accepts your kill.
The centaur wields a +0 shortbow.
The centaur shoots an arrow.
The arrow barely misses you.
The centaur shoots an arrow.
The arrow closely misses you.
Things that are here:
a +0 flail; an orc corpse The centaur shoots an arrow.
The arrow closely misses you.
The centaur shoots an arrow.
The arrow hits you!
* * * LOW HITPOINT WARNING * * *
You see here 2 arrows.
The centaur shoots an arrow.
The arrow hits you!!
You die...

#.# #.# #.####
#.##.. #.##.#
#######)##.#
......)..#.#####
#####..........#
#....#@###.#
#...##.# .# #
###.##.###.#.#
#.##..[....##
#+###(.......
#)##.###. #c# #
..# ...#


You could see a centaur.

Vanquished Creatures
  A necrophage (D:3)
  A sky beast (D:5)
  A phantom (Temple)
  A water moccasin skeleton (D:5)
  7 wights
  A howler monkey (D:4)
  An orc priest (D:3)
  2 orc wizards (D:4)
  A hound (D:5)
  A bullfrog skeleton (D:4)
  Crazy Yiuf (D:3)
  A centaur skeleton (D:5)
  Ijyb (D:3)
  Jessica (D:3)
  An iguana (D:4)
  A worker ant (D:4)
  A hound zombie (D:5)
  A worker ant zombie (D:5)
  3 gnolls (D:2)
  7 adders
  3 oozes
  2 adder skeletons (D:4)
  2 worms (D:3)
  2 leopard geckos
  9 orcs
  4 giant cockroaches
  13 goblins
  5 hobgoblins
  6 jackals
  3 quokkas
  A ball python (D:2)
  6 bats
  A frilled lizard (D:2)
  6 kobolds
  A quokka skeleton (D:4)
  7 rats
106 creatures vanquished.

Notes
Turn   | Place    | Note
-------+----------+-------------------------------------------
     0 | D:1      | Conn the Octopode Earth Elementalist began the quest for
                  | the Orb.
     0 | D:1      | Reached XP level 1. HP: 11/11 MP: 3/3
    23 | D:1      | Noticed a swamp worm
    23 | D:1      | Noticed a killer bee
    23 | D:1      | Noticed an eight-headed hydra
    23 | D:1      | Noticed a komodo dragon
   322 | D:1      | Reached XP level 2. HP: 13/18 MP: 3/5
   400 | D:1      | Learned a level 2 spell: Passwall
   908 | D:1      | Reached skill level 3 in Stealth
  1060 | D:2      | Reached skill level 1 in Fighting
  1060 | D:2      | Reached XP level 3. HP: 9/23 MP: 4/6
  1495 | D:2      | Found an opulent altar of Gozag.
  1674 | D:2      | Found a stormy altar of Qazlal.
  1694 | D:2      | Reached XP level 4. HP: 28/28 MP: 7/7
  1707 | D:2      | Learned a level 3 spell: Stone Arrow
  1733 | D:2      | Reached skill level 4 in Stealth
  1753 | D:3      | Found an ornate altar of the Wu Jian Council.
  2096 | D:2      | Reached skill level 1 in Short Blades
  2240 | D:3      | Reached XP level 5. HP: 33/33 MP: 6/8
  2434 | D:3      | Noticed Jessica
  2444 | D:3      | Killed Jessica
  2444 | D:3      | Reached skill level 5 in Stealth
  2741 | D:3      | Noticed Ijyb
  2749 | D:3      | Killed Ijyb
  2749 | D:3      | Reached XP level 6. HP: 22/39 MP: 10/10
  3081 | D:3      | Found a runed translucent door.
  3082 | D:3      | Noticed Crazy Yiuf
  3090 | D:3      | Learned a level 4 spell: Petrify
  3136 | D:3      | Killed Crazy Yiuf
  3199 | D:3      | Found a shimmering altar of Xom.
  3266 | D:3      | Noticed a necrophage
  3279 | D:3      | Killed a necrophage
  3279 | D:3      | Reached skill level 6 in Stealth
  3815 | D:4      | Reached XP level 7. HP: 40/43 MP: 11/11
  4119 | D:4      | Found a staircase to the Ecumenical Temple.
  4126 | Temple   | Entered the Ecumenical Temple
  4215 | Temple   | Became a worshipper of Sif Muna the Loreminder
  4345 | D:4      | Got a smoking dagger
  4346 | D:4      | Identified the +9 dagger "Gidwu" {elec, MR++} (You found it
                  | on level 4 of the Dungeon)
  4700 | D:5      | Entered Level 5 of the Dungeon
  4719 | D:5      | Reached XP level 8. HP: 51/51 MP: 13/13
  4798 | D:5      | Learned a level 5 spell: Lee's Rapid Deconstruction
  4860 | D:5      | Reached * piety under Sif Muna
  4872 | D:5      | Shot with an arrow by a centaur

Levels and vault maps discovered:
D:1:      onia_arrival_zoo_common, layout_loops_corners, minmay_misc_feat_iff
D:2:      layout_loops_ring, grunt_gozag_statues,
          nicolae_qazlal_general_emergency
D:3:      layout_loops_ring, overflow_temple_1_default, lemuel_crystal_altar,
          uniq_crazy_yiuf_cottage, uniq_jessica, uniq_ijyb
D:4:      layout_loops_corners, minmay_temple_entry_arrows
D:5:      layout_loops_corners, serial_shops, kennysheep_mini_moat,
          first_ration, kennysheep_generic_room_10
Temple:   jpeg_temple_alley_garden

Skill      XL: |  1  2  3  4  5  6  7  8 |
---------------+-------------------------+-----
Stealth        | 3 4 5 6 |  6.6
Fighting       | 1 2 3 4 |  4.5
Short Blades   | 1 2 3 4 |  4.1
Spellcasting   | 3 4 |  4.4
Earth Magic    | 4 |  4.4
Dodging        | |  2.6
Transmutations | |  1.1
Evocations     | |  0.1

Action                   |  1- 3 |  4- 6 |  7- 9 || total
-------------------------+-------+-------+-------++-------
Melee: Dagger            |    57 |    92 |    56 ||   205
       Constrict         |    11 |    19 |    11 ||    41
       Tentacles         |     7 |    15 |     8 ||    30
 Cast: Sandblast         |     4 |    11 |     8 ||    23
       Passwall          |     3 |       |       ||     3
       Stone Arrow       |       |       |     1 ||     1
Evoke: Wand              |       |     1 |     1 ||     2
  Use: Potion            |       |     1 |       ||     1
 Stab: Sleeping          |    10 |     6 |     4 ||    20
  Eat: Chunk             |     3 |     6 |     4 ||    13
Armor: Skin              |     3 |     5 |     1 ||     9
Dodge: Dodged            |    31 |    34 |    35 ||   100

Table legend:
 A = Non-vault XP
 B = Vault XP
 C = Vault XP percentage of total XP
 D = Non-vault monster count
 E = Vault monster count
 F = Vault count percentage of total count
                 A         B        C        D         E       F
            +---------+---------+-------+---------+---------+-------
      Total |    1571 |     114 |   6.8 |     103 |       3 |   2.8
            +---------+---------+-------+---------+---------+-------
        D:1 |      29 |       0 |   0.0 |      15 |       0 |   0.0
        D:2 |     113 |       0 |   0.0 |      27 |       0 |   0.0
        D:3 |     269 |     114 |  29.8 |      26 |       3 |  10.3
        D:4 |     477 |       0 |   0.0 |      22 |       0 |   0.0
        D:5 |     559 |       0 |   0.0 |      12 |       0 |   0.0
     Temple |     124 |       0 |   0.0 |       1 |       0 |   0.0
            +---------+---------+-------+---------+---------+-------
